 Dungeon Crawl Stone Soup version 0.21.0-3-g78d12a8 (webtiles) character file.

37 letownia2 the Magician (level 3, 0/16 HPs)
             Began as a Vine Stalker Wizard on Jan 14, 2018.
             Slain by an orc
             ... wielding a +0 trident
              (1 damage)
             ... on level 3 of the Dungeon.
             The game lasted 00:03:40 (1281 turns).

letownia2 the Magician (Vine Stalker Wizard)        Turns: 1281, Time: 00:03:40

Health: 0/16       AC:  4    Str: 10    XL:     3   Next: 39%
Magic:  0/8        EV: 11    Int: 18    God:
Gold:   20         SH:  0    Dex: 12    Spells: 1/8 levels left

rFire    . . .     SeeInvis .   g - +0 short sword
rCold    . . .     Gourm    .   (no shield)
rNeg     . . .     Faith    .   k - +0 leather armour
rPois    .         Spirit   +   b - +0 hat
rElec    .         Reflect  .   (no cloak)
rCorr    .         Harm     .   (no gloves)
MR       .....                  j - +0 pair of boots
Stlth    +.........             (no amulet)
HPRegen  0.05/turn              p - ring of loudness (curse)
MPRegen  0.11/turn              (no ring)

@: no status effects
A: fangs 2, magic shield, antimagic bite, no potion heal 3, rot immunity
a: no special abilities


You were on level 3 of the Dungeon.
You were not hungry.

You visited 1 branch of the dungeon, and saw 4 of its levels.

You collected 20 gold pieces.

Inventory:

Hand Weapons
 g - a +0 short sword (weapon)
Armour
 a - a +0 robe
 b - a +0 hat (worn)
 j - a +0 pair of boots (worn)
 k - a +0 leather armour (worn)
 s - a +0 crystal plate armour
Jewellery
 i - an uncursed amulet of guardian spirit {unknown}
 p - a cursed ring of loudness (left hand)
Wands
 m - a wand of iceblast (9)
Scrolls
 h - 2 scrolls of fear {unknown}
 n - a scroll of teleportation {unknown}
 o - 2 scrolls of identify {unknown}
Potions
 e - a potion of lignification {unknown}
 f - a potion of haste {unknown}
 l - a potion of agility {unknown}
 r - a potion of invisibility {unknown}
Books
 c - a book of Minor Magic

   Spells                             Type                      Level
   a - Magic Dart                     Conjuration                  1
   b - Blink                          Translocation                2
   c - Call Imp                       Summoning                    2
   d - Slow                           Hexes                        2
   e - Conjure Flame                  Conjuration/Fire             3
   f - Mephitic Cloud                 Conjuration/Poison/Air       3
Comestibles
 d - 3 rations
 q - a chunk of flesh


   Skills:
 - Level 1.5 Dodging
 - Level 2.4 Stealth
 - Level 3.2 Spellcasting
 + Level 3.0 Conjurations
   Level 1.0 Summonings
   Level 1.0 Translocations
 + Level 0.3 Fire Magic
 + Level 0.3 Air Magic
 + Level 0.2 Poison Magic


You had one spell level left.
You knew the following spells:

 Your Spells              Type           Power        Failure   Level  Hunger
a - Magic Dart            Conj           ##..         6%          1    None
c - Conjure Flame         Conj/Fire      #.......     32%         3    ###....
e - Mephitic Cloud        Conj/Pois/Air  #.......     36%         3    ###....


Dungeon Overview and Level Annotations

Branches:
Dungeon (4/15)
 Temple: D:4-7

Altars:
Uskayaw
The Shining One

Annotations:
D:4 Grinder


Innate Abilities, Weirdness & Mutations

You have extremely sharp teeth.
When hurt, damage is shared between your health and your magic reserves.
Your bite disrupts and absorbs the magic of your enemies.
Potions cannot restore your health.
You are immune to rotting.


Message History

The orc hits you but does no damage.
You hit the orc but do no damage.
The orc is heavily wounded.
The orc barely misses you.
You hit the orc but do no damage. You bite the orc. You drain its power.
You feel invigorated.
The orc is severely wounded.
The orc hits you with a trident!
* * * LOW HITPOINT WARNING * * *
You hit the orc but do no damage. Your bite misses the orc.
The orc is severely wounded.
The orc hits you with a trident.
* * * LOW HITPOINT WARNING * * *
Unknown command.
Unknown command.
Unknown command.
You hit the orc but do no damage.
The orc is severely wounded.
The orc hits you with a trident.
You die...

######.## ########
........# #......# .# #..#
##.###..# .#
.######..###..#⌠#..#####.#
..............###.........
....###..####.............
.# #..##########.....#.
#.......... #.......
#..@####### #.#..†.. #..o#
#.#..... #.... #.#...).
#.#.#. #.###'## #.#.#.#
#.# #.# ..#.# . #.# #.#
.....# ## #. #.# ### ###
#.## #...


You could see an orc.

Vanquished Creatures
  An adder (D:3)
  A dart slug (D:2)
  3 leopard geckos
  2 giant cockroaches
  2 hobgoblins
  2 jackals (D:3)
  3 kobolds
  A ball python (D:1)
  4 bats
  2 goblins (D:3)
  A rat (D:3)
22 creatures vanquished.

Notes
Turn   | Place    | Note
-------+----------+-------------------------------------------
     0 | D:1      | letownia2 the Vine Stalker Wizard began the quest for the Orb.
     0 | D:1      | Reached XP level 1. HP: 9/9 MP: 5/5
   361 | D:1      | Reached XP level 2. HP: 9/13 MP: 1/7
   563 | D:2      | Found a glowing golden altar of the Shining One.
   563 | D:2      | Found a hide-covered altar of Uskayaw.
   584 | D:3      | Reached XP level 3. HP: 13/16 MP: 2/8
   592 | D:3      | Learned a level 3 spell: Mephitic Cloud
   596 | D:3      | Learned a level 3 spell: Conjure Flame
   987 | D:4      | Noticed Grinder
  1281 | D:3      | Slain by an orc

Skill      XL: |  1  2  3 |
---------------+----------+-----
Conjurations   | 2 3 |  3.0
Dodging        | |  1.5
Stealth        | |  2.4
Spellcasting   | |  3.2
Summonings     | |  1.0
Translocations | |  1.0
Fire Magic     | |  0.3
Air Magic      | |  0.3
Poison Magic   | |  0.2

Action                   || total
-------------------------++-------
Melee: Short sword       ||    27
       Unarmed           ||     8
       Bite              ||     8
 Cast: Magic Dart        ||    61
       Mephitic Cloud    ||     1
  Eat: Chunk             ||     1
Armor: Robe              ||     3
       Leather armour    ||    13
Dodge: Dodged            ||    38
